Cogmind - Beta 15 @@@ ROGUE MODE // 2025.10.18 @ 15:43:23 Player: MAXX-P31 Result: Self-destructed Performance ------------- Evolutions (3) 1500 Regions Visited (8) 1600 Robots Destroyed (180) 900 Value Destroyed (3762) 3762 Prototype IDs (5) 100 Alien Tech Used (0) 0 Bonus (-444) -444 TOTAL SCORE: 7418 Bonus ------- Follower Combat Kills 28 Friendly Fire -472 Cogmind --------- Core Integrity 178/700 Matter 1/300 Energy 100/100 System Corruption 17% Temperature Cool (0) Movement Rolling (175) Ox5 Location -7/Factory Parts ------- > --- POWER (1) -------- (None) > --- PROPULSION (3) --- Compact Wheel > --- UTILITY (5) ------ Huge Storage Unit Improved Signal Interpreter Target Analyzer > --- WEAPON (4) ------- Mini Assault Cannon > --- INVENTORY (25) --- Improved Heat Sink Cooling System Huge Storage Unit Compact Battery (184) Experimental Energy Well (600) High-capacity Matter Pod (0) Weapon Cycler Transmission Jammer Improved Shield Generator 7V-RTL's Ultimate Field Missile Launcher Peak State ------------ > --- POWER ------------ Improved Deuterium Engine > --- PROPULSION ------- Light Treads Light Treads Medium Treads > --- UTILITY ---------- Cooling System Huge Storage Unit Improved Signal Interpreter Target Analyzer Improved Medium Armor Plating > --- WEAPON ----------- Improved Assault Rifle Improved Assault Rifle Improved Assault Rifle Mini Assault Cannon > --- INVENTORY -------- Deuterium Engine Deuterium Engine Light Treads Light Treads Light Treads Light Treads Compact Wheel Improved Heat Sink Cooling System Huge Storage Unit Compact Battery Experimental Energy Well High-capacity Matter Pod Weapon Cycler Improved Shield Generator 7V-RTL's Ultimate Field Autogun Improved Assault Rifle Improved Assault Rifle Improved Assault Rifle Flak Cannon EMP Blaster EMP Blaster Rocket Launcher Missile Launcher [Rating: 44] Favorites ----------- Power Improved Ion Engine Engine Improved Ion Engine Power Core Light Nuclear Core Propulsion Light Treads Treads Light Treads Wheel Compact Wheel Utility High-capacity Storage Unit Device Improved Heat Sink Storage High-capacity Storage Unit Processor Improved Signal Interpreter Protection Light Armor Plating Weapon Improved Assault Rifle Energy Gun Particle Gun Ballistic Gun Improved Assault Rifle Ballistic Cannon Assault Cannon Launcher EMP Blaster Build | -11 -10 -10 -9 -9 -9 -8 -8 -7 ------- Run | Yrd Mat Min Mat Min Exi Min Mat Fac Slots Evolved 6 | . . . 2 . . . 2 2 Power . | . . . . . . . . . Propulsion 1 | . . . . . . . 1 . Utility 3 | . . . . . . . 1 2 Weapon 2 | . . . 2 . . . . . Parts Attached 99 | 6 8 9 23 1 5 6 23 18 Power 12 | 1 . 2 . . 1 1 4 3 Engine 11 | 1 . 1 . . 1 1 4 3 Core 1 | . . 1 . . . . . . Reactor . | . . . . . . . . . Propulsion 30 | 2 1 3 8 . 2 1 8 5 Treads 25 | 2 1 3 8 . 2 . 5 4 Leg . | . . . . . . . . . Wheel 5 | . . . . . . 1 3 1 Hover . | . . . . . . . . . Flight . | . . . . . . . . . Utility 18 | 1 3 1 1 . 1 2 4 5 Device 5 | . 1 . . . 1 1 1 1 Storage 4 | 1 1 . . . . 1 . 1 Processor 2 | . . . . . . . . 2 Hackware . | . . . . . . . . . Protection 7 | . 1 1 1 . . . 3 1 Artifact . | . . . . . . . . . Weapon 39 | 2 4 3 14 1 1 2 7 5 Energy Gun 5 | . . 1 . . . . 3 1 Energy Cannon . | . . . . . . . . . Ballistic Gun 24 | 2 3 2 9 . 1 2 4 1 Ballistic Cannon 6 | . . . 4 . . . . 2 Launcher 4 | . 1 . 1 1 . . . 1 Special Weapon . | . . . . . . . . . Impact Weapon . | . . . . . . . . . Slashing Weapon . | . . . . . . . . . Piercing Weapon . | . . . . . . . . . Special Melee Weapon . | . . . . . . . . . Unidentified Prototypes 3 | . . . . . . 2 . 1 Parts Lost 43 | . . 3 1 . 4 7 6 22 Power 7 | . . 2 . . 1 1 . 3 Propulsion 16 | . . 1 . . 2 3 3 7 Utility 5 | . . . 1 . . . 1 3 Weapon 15 | . . . . . 1 3 2 9 Highest Loss Streak 13 | . . 2 1 . 4 6 5 13 To Critical Strikes 4 | . . . . . 4 . . . Average Backups 18 | 2 13 19 19 20 17 16 19 23 Power 1 | . 1 1 1 1 . . 1 1 Propulsion 3 | 1 3 3 4 4 2 2 1 4 Utility 6 | . 3 6 5 5 4 6 9 8 Weapon 7 | . 4 9 8 10 9 6 7 8 Tool/Special . | . . . . . . . . . Unused Backups 35 | . 2 3 6 . 3 . 8 13 Power 7 | . . 1 . . 3 . 3 . Propulsion 6 | . . 2 2 . . . 1 1 Utility 10 | . . . . . . . 2 8 Weapon 11 | . 2 . 3 . . . 2 4 Tool/Special 1 | . . . 1 . . . . . Average Slot Usage (%) 98 | . 99 98 99 100 100 97 98 95 Engine 10 | . 14 12 11 11 11 9 9 6 Treads 23 | . 28 27 22 22 22 21 22 22 Device 4 | . 1 . . . 7 4 8 8 Storage 10 | . 14 14 11 11 11 11 9 7 Processor 2 | . . . . . . . . 12 Protection 9 | . 11 14 11 11 3 6 8 6 Ballistic Gun 27 | . 27 27 39 . 7 37 32 25 Ballistic Cannon 5 | . . . 4 40 36 6 . 2 Peak Build Rating 44 | 6 11 13 26 26 27 28 28 44 Average Rating 22 | 4 8 11 18 25 25 21 26 38 On Entrance 17 | . 6 11 12 26 26 26 22 28 Naked Turns . | . . . . . . . . . Heaviest Build 113 | 12 54 56 70 70 70 67 65 113 Greatest Support 68 | 40 40 40 44 44 44 44 60 68 Greatest Overweight (x) 5 | . 1 1 2 1 1 3 3 5 Average Overweight (x) 1 | . . 1 1 1 1 1 1 1 Largest Inventory Capacity 25 | 8 20 20 20 20 20 20 20 25 Average Capacity 20 | 6 19 20 20 20 20 20 20 24 Most Carried 25 | 5 20 20 20 20 20 20 20 25 Average Carried 18 | 2 13 19 19 20 17 16 19 23 Final Capacity 25 | 8 20 20 20 20 20 20 20 25 Final Carried 20 | 5 20 20 20 20 16 19 20 11 Class Distribution -------------------- 30% | Scavenger-Tank 23% | Mutant 16% | Tank 11% | Scavenger-Gunner 9% | Gunner 8% | Scavenger-Mutant Dominant Class ---------------- Mutant | -10/Materials Scavenger-Mutant | -10/Mines Tank | -9/Materials Tank | -9/Mines Gunner | -9/Exiles Tank | -8/Mines Scavenger-Tank | -8/Materials Scavenger-Gunner | -7/Factory Resources | -11 -10 -10 -9 -9 -9 -8 -8 -7 ----------- Run | Yrd Mat Min Mat Min Exi Min Mat Fac Matter Collected 5626 | 268 629 301 1211 89 681 755 915 777 Remotely . | . . . . . . . . . Salvage Created 5992 | 98 514 294 1725 129 116 348 1419 1349 Parts 397 | 2 46 31 106 9 . 25 78 100 Haulers Intercepted 14 | . 2 . 6 . . . 4 2 Recyclers Shooed 4 | . 2 . 1 . . . 1 . Parts Field Recycled . | . . . . . . . . . Retrieved Matter . | . . . . . . . . . Parts Self-Destructed . | . . . . . . . . . Prevented . | . . . . . . . . . Kills | -11 -10 -10 -9 -9 -9 -8 -8 -7 ------- Run | Yrd Mat Min Mat Min Exi Min Mat Fac Combat Hostiles Destroyed 104 | . 13 7 23 5 6 5 19 26 Guns 68 | . 3 7 20 . 1 5 19 13 Cannons 8 | . . . . 3 1 . . 4 AOE 28 | . 10 . 3 2 4 . . 9 Classes Destroyed 16 | 1 6 2 1 . 1 . . 5 Worker 23 | . 10 1 6 . . 2 4 . Builder 15 | . 3 . 4 . . 2 1 5 Tunneler 6 | . . 3 2 . . . . 1 Hauler 14 | . 2 . 6 . . . 4 2 Recycler 16 | 1 1 . 3 1 . 3 5 2 Mechanic 1 | . . . . . . . . 1 Operator 2 | . . . 1 . . . 1 . Watcher 3 | . 2 . 1 . . . . . Swarmer 32 | . 6 3 4 5 . 4 7 3 Grunt 39 | . 7 2 15 . . . 6 9 Protector 2 | . . . . . . . . 2 Sentry 13 | . . 2 4 . . . 6 1 Specialist 1 | . . . . . . . . 1 Hunter 2 | . . . . . . . . 2 Programmer 8 | . . . . . . . . 8 Assembled 6 | . . . . . 6 . . . Thug 1 | . . . 1 . . . . . Best Kill Streak 11 | 1 9 4 11 3 5 4 8 10 Combat Bots Only 7 | . 5 3 3 3 5 4 7 7 Max Kills in Single Turn 5 | 1 3 2 2 2 3 2 2 5 Gunslinging 1 | . . 1 1 . . 1 . . Exploded 3 | . 2 . 2 1 3 . . 3 Melee . | . . . . . . . . . Uniques/NPCs Destroyed 2 | . . . . . 1 1 . . 8R-AWN (-9/Exiles) 7V-RTL (-8/Mines) Combat | -11 -10 -10 -9 -9 -9 -8 -8 -7 -------- Run | Yrd Mat Min Mat Min Exi Min Mat Fac Hostile Shots Fired 723 | . 43 48 62 18 72 74 68 338 Missed 207 | . 11 17 16 7 19 23 12 102 Hits 516 | . 32 31 46 11 53 51 56 236 Projectile 516 | . 32 31 46 11 53 51 56 236 Critical Strikes 35 | . . 1 2 . 21 1 . 10 Part Disruptions 2 | . . . . . . . . 2 Damage Taken 7858 | . 369 427 554 89 943 1234 757 3485 Core 915 | . 50 39 21 7 103 76 97 522 Absorbed by Shields . | . . . . . . . . . Core Remaining (%) 73 | 100 . 64 . . . 48 82 . Volleys Fired 347 | 4 65 24 64 5 24 38 53 70 Largest 4 | 2 2 2 4 4 4 4 4 4 Hottest 176 | 40 50 68 92 148 148 134 176 138 Shots Fired 1127 | 8 117 49 247 16 88 152 209 241 Gun 904 | 8 100 49 244 . 11 103 209 180 Cannon 179 | . . . . 12 71 49 . 47 Launcher 44 | . 17 . 3 4 6 . . 14 Special . | . . . . . . . . . Kinetic 1062 | 8 100 45 244 12 82 152 197 222 Thermal 17 | . . . . . . . 12 5 Explosive 19 | . 17 . . . . . . 2 Electromagnetic 29 | . . 4 3 4 6 . . 12 Robot Hit Streak 25 | 3 8 9 14 3 11 23 19 25 Robot Miss Streak 5 | 1 3 1 5 1 3 2 3 4 Penetration Max . | . . . . . . . . . Secondary Targets 13 | . . 2 4 . . 3 2 2 Max Gunslinging Chain 2 | . . 1 2 . . 1 1 1 Shots Hit Robots 679 | 6 77 34 129 3 58 113 117 142 Core Hits 336 | 2 51 13 65 6 24 32 56 87 Critical Kills 2 | . . . . . . . 1 1 Critical Parts Destroyed 4 | . . . . . . . . 4 Critical Strikes 15 | . . . . . . 2 3 10 Burn 2 | . . . . . . . 2 . Destroy 6 | . . . . . . . 1 5 Blast 7 | . . . . . . 2 . 5 Melee Attacks . | . . . . . . . . . Impact . | . . . . . . . . . Slashing . | . . . . . . . . . Piercing . | . . . . . . . . . Sneak Attacks . | . . . . . . . . . Combat Hostiles . | . . . . . . . . . Follow-up Attacks . | . . . . . . . . . Damage Inflicted 14383 | 55 1820 550 2074 197 1563 1982 1733 4409 Guns 8050 | 55 672 526 1975 . 135 1072 1693 1922 Cannons 2681 | . . . . 72 1139 868 . 602 Explosions 3515 | . 1124 . 95 102 289 38 . 1867 Melee . | . . . . . . . . . Ramming 137 | . 24 24 4 23 . 4 40 18 Kinetic 10483 | 55 672 486 1975 72 1274 1940 1561 2448 Thermal 414 | . . . . 39 . 38 132 205 Explosive 2228 | . 1124 . . . . . . 1104 Electromagnetic 1121 | . . 40 95 63 289 . . 634 Impact . | . . . . . . . . . Slashing . | . . . . . . . . . Piercing . | . . . . . . . . . Highest Corruption 17 | . 2 2 . . . . 2 17 Average Corruption 2 | . 2 2 . . . . 2 13 Corruption Purged . | . . . . . . . . . Corruption Blocked . | . . . . . . . . . Effects 55 | . 20 16 . . . . 6 13 Message Errors 13 | . 7 3 . . . . 1 2 Matter Fused 11 | . 4 4 . . . . . 3 Heat Flow Errors 8 | . 3 1 . . . . 3 1 Energy Discharges 6 | . 3 1 . . . . 1 1 Parts Rejected 1 | . . . . . . . . 1 Data Loss (minor) 7 | . 1 4 . . . . . 2 Data Loss (major) 3 | . 1 1 . . . . . 1 Misfires 3 | . 1 1 . . . . 1 . Alerts 1 | . . 1 . . . . . . Weapon Failures 2 | . . . . . . . . 2 Overload Shots . | . . . . . . . . . Overflow Damage 232 | . 85 . . 19 . . . 128 Projectiles 51 | . . . . . . . . 51 Explosions 181 | . 85 . . 19 . . . 77 Melee . | . . . . . . . . . Knockbacks 11 | . . . . . 6 . . 5 Impact . | . . . . . . . . . Kinetic 11 | . . . . . 6 . . 5 Secondary . | . . . . . . . . . Self-Inflicted Damage 132 | . 54 . . . 19 26 . 33 Shots 6 | . 3 . . . 1 1 . 1 Rammed 21 | . 4 2 2 3 . 1 6 3 Targets Rammed 25 | . 4 4 2 3 . 1 7 4 Kicked . | . . . . . . . . . Crushed 4 | . . 2 . . . . 1 1 Highest Temperature 298 | . 211 138 298 251 176 70 202 261 Average Temperature 52 | . 28 44 73 99 54 18 31 53 Received Heat Transfer 1803 | . 117 186 258 . . 216 288 738 Effects 1 | . . . 1 . . . . . Energy Bleed 1 | . . . 1 . . . . . Siege Activations . | . . . . . . . . . Martial Activations . | . . . . . . . . . Shielding Activations . | . . . . . . . . . Robots Disrupted . | . . . . . . . . . Combat Hostiles . | . . . . . . . . . Robots Corrupted . | . . . . . . . . . Combat Hostiles . | . . . . . . . . . Parts Fried 1 | . . . . . . . . 1 Impact Corruptions . | . . . . . . . . . Robots Melted . | . . . . . . . . . Combat Hostiles . | . . . . . . . . . Parts Melted 2 | . . . . . . . 2 . Heat Transferred 769 | . . . . 50 . 2 444 273 Parts Sabotaged . | . . . . . . . . . Parts Stolen . | . . . . . . . . . Parts Stripped . | . . . . . . . . . Power Chain Reactions 5 | . . . . 2 . . . 3 Alert | -11 -10 -10 -9 -9 -9 -8 -8 -7 ------- Run | Yrd Mat Min Mat Min Exi Min Mat Fac Maximum Alert Level 1 | . 1 . 1 . . . 1 1 Low Security (%) 89 | 100 93 100 65 100 . 100 88 89 Level 1 10 | . 6 . 34 . . . 11 10 Level 2 . | . . . . . . . . . Level 3 . | . . . . . . . . . Level 4 . | . . . . . . . . . Level 5 . | . . . . . . . . . High Security . | . . . . . . . . . Max Security . | . . . . . . . . . Peak Influence 395 | 5 256 67 277 137 . 72 253 395 Initial 85 | . . . . 85 . . 21 17 Average 60 | . 60 11 143 85 . 5 70 40 Influence Increases 3300 | 5 543 195 834 142 . 149 619 813 Destroy 0b10 Robot/C 1980 | . 260 140 540 100 . 80 380 480 Destroy 0b10 Robot/NC 415 | 5 90 20 120 5 . 35 75 65 Destroy Leader 426 | . 78 20 106 10 . 10 108 94 Allied During Kill 9 | . . . 9 . . . . . Successful Hack 53 | . 33 . 5 . . . 7 8 Disable Machine 165 | . 15 . 30 15 . 15 . 90 Destroy Structure 162 | . 67 . 9 12 . 9 4 61 Lose Combat Pursuer 90 | . . 15 15 . . . 45 15 Influence Decreases 2905 | 5 543 195 613 276 87 93 636 457 Entered New Map 280 | . . . . 136 87 . 35 22 Time Decay 2090 | 5 543 175 453 140 . 69 480 225 Lost Part 314 | . . 20 10 . . 24 50 210 Purge Threat 221 | . . . 150 . . . 71 . Squads Dispatched 21 | . 5 . . . . . 3 13 Investigation 6 | . 4 . . . . . 1 1 Extermination 3 | . . . . . . . . 3 Reinforcement 8 | . 1 . . . . . 2 5 Assault . | . . . . . . . . . Garrison 4 | . . . . . . . . 4 Intercept . | . . . . . . . . . Searches Triggered . | . . . . . . . . . Construction Impeded 3 | . . . . . . . . 3 Haulers Reinforced 2 | . . . . . . . . 2 Active Scanning Responses . | . . . . . . . . . Cargo Convoy Interrupts 1 | . . . . . . . . 1 Stealth | -11 -10 -10 -9 -9 -9 -8 -8 -7 --------- Run | Yrd Mat Min Mat Min Exi Min Mat Fac Distress Signals 6 | . 1 . 1 . . . 2 2 Communications Jammed . | . . . . . . . . . Distress Signals . | . . . . . . . . . Times Spotted 138 | . 21 8 29 6 7 5 24 38 Peak Tracking Total 12 | . 6 3 5 3 8 3 4 12 Tactical Retreats 4 | . . 1 1 . . . 1 1 Traps | -11 -10 -10 -9 -9 -9 -8 -8 -7 ------- Run | Yrd Mat Min Mat Min Exi Min Mat Fac Traps Triggered 6 | . 3 . 2 . . . 1 . Indirectly . | . . . . . . . . . Trap Hack Attempts . | . . . . . . . . . Triggered . | . . . . . . . . . Disarmed . | . . . . . . . . . Reprogrammed . | . . . . . . . . . Reused . | . . . . . . . . . Traps Extracted . | . . . . . . . . . Installed . | . . . . . . . . . Triggered . | . . . . . . . . . Machines | -11 -10 -10 -9 -9 -9 -8 -8 -7 ---------- Run | Yrd Mat Min Mat Min Exi Min Mat Fac Machines Disabled 15 | . 1 . 2 1 4 1 . 6 Max in Single Turn 2 | . 1 . 1 1 2 1 . 2 Garrison Access 1 | . . . . . . . 1 . Machines Repaired . | . . . . . . . . . Machines Dismantled . | . . . . . . . . . Machines Sabotaged . | . . . . . . . . . Overloaded Fab Kills . | . . . . . . . . . Hacking | -11 -10 -10 -9 -9 -9 -8 -8 -7 --------- Run | Yrd Mat Min Mat Min Exi Min Mat Fac Machines Accessed 22 | . 6 . 2 . . . 6 8 Terminals 16 | . 6 . 2 . . . 5 3 Fabricators 3 | . . . . . . . . 3 Repair Stations 1 | . . . . . . . . 1 Recycling Units 1 | . . . . . . . . 1 Scanalyzers . | . . . . . . . . . Garrison Access 1 | . . . . . . . 1 . Total Hacks 53 | . 18 . 8 . . . 13 14 Successful 23 | . 8 . 4 . . . 8 3 Failed 30 | . 10 . 4 . . . 5 11 Catastrophic 11 | . 5 . . . . . 2 4 Database Lockouts . | . . . . . . . . . Manual 16 | . 1 . 3 . . . 4 8 Terminals 41 | . 18 . 8 . . . 11 4 Fabricators 7 | . . . . . . . . 7 Repair Stations 2 | . . . . . . . . 2 Recycling Units 1 | . . . . . . . . 1 Scanalyzers . | . . . . . . . . . Garrison Access 2 | . . . . . . . 2 . Terminal Hacks 19 | . 7 . 4 . . . 7 1 Record 1 | . 1 . . . . . . . Prototype ID Bank 1 | . 1 . . . . . . . Emergency Access Points 1 | . 1 . . . . . . . Alert Level 7 | . 1 . 2 . . . 3 1 Unreport Threat 2 | . . . 1 . . . 1 . Hauler Manifests 6 | . 3 . 1 . . . 2 . Registered Components 1 | . . . . . . . 1 . Fabricator Hacks . | . . . . . . . . . Repair Station Hacks . | . . . . . . . . . Recycling Unit Hacks . | . . . . . . . . . Scanalyzer . | . . . . . . . . . Garrison Access Hacks 1 | . . . . . . . 1 . Seal Access 1 | . . . . . . . 1 . Unauthorized Hacks 3 | . 1 . . . . . . 2 Terminals 1 | . 1 . . . . . . . Search 1 | . 1 . . . . . . . Fabricators 2 | . . . . . . . . 2 Fabnet 1 | . . . . . . . . 1 Haulers 1 | . . . . . . . . 1 Repair Stations . | . . . . . . . . . Recycling Units . | . . . . . . . . . Scanalyzers . | . . . . . . . . . Garrison Access . | . . . . . . . . . Data Cores Recovered 2 | . . . 1 . . . 1 . Used . | . . . . . . . . . Hacking Detections 17 | . 3 . 2 . . . 4 8 Full Trace Events 4 | . 3 . . . . . . 1 Feedback Events . | . . . . . . . . . Feedback Blocked . | . . . . . . . . . Robot Schematics Acquired . | . . . . . . . . . Robots Built . | . . . . . . . . . Authchips . | . . . . . . . . . Time . | . . . . . . . . . Total Robot Build Rating . | . . . . . . . . . Part Schematics Acquired . | . . . . . . . . . Parts Built . | . . . . . . . . . Authchips . | . . . . . . . . . Time . | . . . . . . . . . Total Part Build Rating . | . . . . . . . . . Parts Repaired . | . . . . . . . . . Time . | . . . . . . . . . Parts Recycled . | . . . . . . . . . Recycled Matter . | . . . . . . . . . Retrieved Matter . | . . . . . . . . . Retrieved Components . | . . . . . . . . . Parts Scanalyzed . | . . . . . . . . . Part Schematics Acquired . | . . . . . . . . . Parts Damaged . | . . . . . . . . . Bothacking | -11 -10 -10 -9 -9 -9 -8 -8 -7 ------------ Run | Yrd Mat Min Mat Min Exi Min Mat Fac Used RIF Installer . | . . . . . . . . . Robots Hacked . | . . . . . . . . . Non-combat . | . . . . . . . . . Combat . | . . . . . . . . . Robot Hacks Applied . | . . . . . . . . . Relay Couplers Released . | . . . . . . . . . Fabnet Peak Effective % . | . . . . . . . . . Robots Rewired . | . . . . . . . . . Allies Hacked . | . . . . . . . . . Hacks Repelled . | . . . . . . . . . Allies | -11 -10 -10 -9 -9 -9 -8 -8 -7 -------- Run | Yrd Mat Min Mat Min Exi Min Mat Fac Total Allies 1 | . . 1 . . . . . . Largest Group 1 | . . 1 1 . . . . . Highest-Rated Group 31 | . . 31 31 . . . . . Highest-Rated Ally 31 | . . 31 31 . . . . . Total Orders . | . . . . . . . . . Ally Attacks 13 | . . . 13 . . . . . Total Damage 149 | . . . 149 . . . . . Kills 5 | . . . 5 . . . . . Allies Corrupted . | . . . . . . . . . Allies Melted . | . . . . . . . . . Intel | -11 -10 -10 -9 -9 -9 -8 -8 -7 ------- Run | Yrd Mat Min Mat Min Exi Min Mat Fac Active Infowar (turns) 249 | . 249 . . . . . . . Seismic 249 | . 249 . . . . . . . Robot Analysis Total . | . . . . . . . . . Derelict Logs Recovered 1 | . . 1 . . . . . . Drone Launches . | . . . . . . . . . Drone Recoveries . | . . . . . . . . . Exploration | -11 -10 -10 -9 -9 -9 -8 -8 -7 ------------- Run | Yrd Mat Min Mat Min Exi Min Mat Fac Turns Passed 10094 | 77 2118 990 1223 288 791 669 2022 1916 Spaces Moved 3730 | 39 814 374 384 116 305 210 821 667 Core 8 | 8 . . . . . . . . Treads 3474 | 31 814 374 384 116 305 181 611 658 Legs . | . . . . . . . . . Wheels 248 | . . . . . . 29 210 9 Hover . | . . . . . . . . . Flight . | . . . . . . . . . Fastest Speed 50 | 50 160 240 225 225 225 145 115 175 Average Speed 227 | 137 231 240 237 225 225 226 210 239 Slowest Speed 480 | 160 240 240 320 225 225 240 240 480 Overloaded Moves . | . . . . . . . . . Propulsion Burnouts . | . . . . . . . . . Robots Hopped . | . . . . . . . . . Potential Cave-ins . | . . . . . . . . . Cave-ins Triggered . | . . . . . . . . . Exploration Rate (%) 47 | 5 97 88 32 28 40 40 79 22 Regions Visited 8 Branch Regions 4 Pre-discovered Areas . | . . . . . . . . . Known Exits Taken 1 | . . . . . . 1 . . Unknown Exits Taken 7 | 1 1 1 1 1 1 . 1 . Scrap Searched 2 | . . 1 . 1 . . . . Spaces Dug . | . . . . . . . . . Terrain Destroyed 167 | . 74 . . 13 13 12 . 55 Melee . | . . . . . . . . . Projectile 36 | . . . . 5 13 9 . 9 AOE 131 | . 74 . . 8 . 3 . 46 Terrain Rammed . | . . . . . . . . . Walls Destroyed . | . . . . . . . . . Machines Disabled . | . . . . . . . . . Actions | -11 -10 -10 -9 -9 -9 -8 -8 -7 --------- Run | Yrd Mat Min Mat Min Exi Min Mat Fac Total 4608 | 53 947 425 573 127 353 309 999 822 Wait 199 | . 31 5 49 . 4 37 52 21 Move 3722 | 38 813 373 383 115 304 209 820 667 Hop . | . . . . . . . . . Pick Up 86 | 5 16 3 17 . 6 9 15 15 Fast Attach 32 | 6 1 3 5 . . 3 9 5 Attach 36 | . 1 . 3 . 4 7 6 15 Detach 4 | . 1 . . . . 3 . . Swap 65 | . 9 6 21 4 5 . 11 9 Drop 92 | . 6 7 29 . 6 2 26 16 Fire 347 | 4 65 24 64 5 24 38 53 70 Melee . | . . . . . . . . . Ram . | . . . . . . . . . Kick . | . . . . . . . . . Crush 25 | . 4 4 2 3 . 1 7 4 Escape Stasis . | . . . . . . . . . Rewire . | . . . . . . . . . Trap . | . . . . . . . . . Miscellaneous . | . . . . . . . . . Route ------- -11/Scrapyard -10/Materials (discovered 5 exits: *Mat x3 / [*Min x2]) -10/Mines (discovered 3 exits: *Mat x2 / [*Sub]) -9/Materials (discovered 3 exits: Mat / [*Min] / [*Sto]) -9/Mines -9/Exiles -8/Mines -8/Materials (discovered 2 exits: *Fac x2) -7/Factory (discovered 1 exit: *Low) History --------- Turn | Location | Event 8 | -11/Scrapyard | Discovered new exit (range 16) 78 | -11/Scrapyard | Entered Materials 223 | -10/Materials | Discovered new exit (range 7) 313 | -10/Materials | Build established: Mutant 654 | -10/Materials | Discovered new exit (range 12) 1047 | -10/Materials | Discovered new exit (range 14) 1216 | -10/Materials | Discovered new exit (range 10) 1627 | -10/Materials | Discovered new exit (range 12) 2196 | -10/Materials | Entered Mines 2506 | -10/Mines | Found a hidden stash of uninstalled traps 2677 | -10/Mines | Build established: Scavenger-Mutant 2692 | -10/Mines | Escorted by a lone wolf Derelict 2919 | -10/Mines | Discovered new exit (range 10) 3024 | -10/Mines | Discovered new exit (range 15) 3039 | -10/Mines | Learned location of 1 exit from Materials 3154 | -10/Mines | Discovered new exit (range 14) 3186 | -10/Mines | Entered Materials 3186 | -9/Materials | Accompanied by 1 ally 3186 | -9/Materials | Evolved 2 slots: Weapon x2 3187 | -9/Materials | Identified exit to Materials 3498 | -9/Materials | Build established: Scavenger-Tank 3525 | -9/Materials | Discovered new exit (range 7) 3699 | -9/Materials | Discovered new exit (range 6) 4127 | -9/Materials | Build established: Tank 4409 | -9/Materials | Entered Mines 4686 | -9/Mines | Deemed a non-threat by the Exiles lab entrance 4688 | -9/Mines | Discovered new exit (range 5) 4697 | -9/Mines | Entered Exiles 4740 | -9/Exiles | Discovered new exit (range 15) 4859 | -9/Exiles | Met 8R-AWN 4897 | -9/Exiles | Met EX-HEX 4923 | -9/Exiles | Attacked by the Exiles 5013 | -9/Exiles | Destroyed 8R-AWN 5014 | -9/Exiles | Lost 4 parts (1p2n1w) 5204 | -9/Exiles | Build established: Gunner 5488 | -9/Exiles | Entered Mines 5542 | -8/Mines | 7V-RTL came to Exiles' defense 5601 | -8/Mines | Core integrity fell below 50% 5642 | -8/Mines | Destroyed 7V-RTL 5646 | -8/Mines | Lost 6 parts (1p2n3w) 5748 | -8/Mines | Found Prototype Device 5748 | -8/Mines | Identified 7V-RTL's Ultimate Field 5974 | -8/Mines | Discovered exit to Materials (range 4) 6044 | -8/Mines | Build established: Tank 6157 | -8/Mines | Entered Materials 6157 | -8/Materials | Evolved 2 slots: Propulsion x1, Utility x1 6467 | -8/Materials | Lost 5 parts (2n1u2w) 6471 | -8/Materials | Destroyed 7 combat bots 6585 | -8/Materials | Discovered new exit (range 14) 6665 | -8/Materials | Met 7R-MNS 6755 | -8/Materials | Build established: Scavenger-Tank 7188 | -8/Materials | Discovered new exit (range 11) 8179 | -8/Materials | Entered Factory 8179 | -7/Factory | Evolved 2 slots: Utility x2 8180 | -7/Factory | Caught up to 7R-MNS 8456 | -7/Factory | Discovered new exit (range 13) 8555 | -7/Factory | Garrison activated, responded to threat 9130 | -7/Factory | Build established: Scavenger-Gunner 9454 | -7/Factory | Identified exit to Lower Caves 9878 | -7/Factory | Cargo convoy interrupted 9878 | -7/Factory | Garrison activated, responded to threat 9933 | -7/Factory | System corruption reached 10% 9948 | -7/Factory | Destroyed 7 combat bots 9987 | -7/Factory | Lost 13 parts (2p4n2u5w) 10071 | -7/Factory | Core integrity fell below 50% 10095 | -7/Factory | Self-destructed Last Messages --------------- 10079_ U-05 Engineer destroyed. 10079_ Destroyed Lgt. Ion Engine. 10079_ U-05 Engineer destroyed. 10079_ S-27 Virus destroyed. 10080_ U-05 Engineer lays Concrete. 10081_ Imp. Assault Rifle destroyed. 10081_ U-05 Engineer lays Concrete. 10082_ U-05 Engineer builds a Wall. 10082_ U-05 Engineer lays Concrete. 10083_ Acquired 5 matter. 10088_ S-27 Virus destroyed. 10089_ G-47 Trooper misfires. 10089_ U-05 Engineer destroyed. 10089_ U-05 Engineer lays Concrete. 10089_ ALERT: Construction progress impeded, dispatching reinforcements to local area. 10089_ U-05 Engineer lays Concrete. 10095_ System corrupted: Rocket Launcher rejected. 10095_ U-05 Engineer lays Concrete. Map ----- +----------------------------------------------------+ | ?????????????????????????????????????????????????? | | ?????????????????????????????????????????????????? | | ?????????????????????????????????????????????????? | | ?????????????????????????????????????????????????? | | ?????????????????????????????????????????????????? | | ?????????????????????????????????????????????????? | | #####????????????????????????????????????????????? | | #????????????????????????????????????????????? | | #????????????????????????????????????????????? | | +???????????????????????? ?=%#??????????????? | | #???????????????????????? * #?? ???????????? | | #???????????????????????? % # ?????????? | | ### #???????????????????????? ! # ?????????? | | ## #?????????????????????? =* # #????????? | | ## #????????????????????? !%% # #????????? | | [## ##########?????????????## * =## #????????? | | ## #] #????????????? !%|!%= #????????? | | ## # [[ = #?????????????# = [ %! #?##?????? | | ## # [[ ############### [u! = ##"#?##??? | | ## # ## # =! [" # ?? | | + + ## # % | "" # ?? | | ## # """ ## % # !%= " # ??? | | ## # """ [## # g== "!=% # ????? | | ## # """ ## u = ! * ! =%![ # ? | | ## # ## *s= "R[! [ % # | | ### ########### @ % * * !% + | | + =! = != !%# | | +##+########### !* = ! %#???? ? | | #????# ########+##+#????????? | | !#????# ##??????? ?#????????? | | #????# #???????? ?????????? | | """"""" #????##############???????? #????????? | | """"""" #??????????????????????????? #????????? | | """"""" #??????????????????????????? #????????? | | """"""" #??????????????????????????? #????????? | | ???#??????????????????????????? ! #????????? | | ####?????????????????????????????????? #????????? | | ??????????????????????????????????????###????????? | | ?????????????????????????????????????????????????? | | ?????????????????????????????????????????????????? | | ?????????????????????????????????????????????????? | | ?????????????????????????????????????????????????? | | ?????????????????????????????????????????????????? | | ?????????????????????????????????????????????????? | | ?????????????????????????????????????????????????? | | ?????????????????????????????????????????????????? | | ?????????????????????????????????????????????????? | | ?????????????????????????????????????????????????? | | ?????????????????????????????????????????????????? | | ?????????????????????????????????????????????????? | +----------------------------------------------------+ Best States ------------- Heat Dissipation 70 Energy Generation 16 Energy Capacity 290 Matter Stores 300 Matter Capacity 300 Sight Range 16 Terrain Scan Density 10 Armor Coverage 300 Evasion (%) 50 Target Analysis 5 Recoil Reduction 3 Item Schematics ----------------- None Robot Schematics ------------------ None Fabricated ------------ Nothing Repaired ---------- Nothing Alien Tech Used ----------------- None Achievements -------------- None Challenges ------------ None Game ------ Seed TrapShieldKit Manual? 0 Play Time 00:48:34 Cumulative 255.2 hours Start 2025.10.18 @ 14:54:36 End 2025.10.18 @ 15:43:23 Sessions 3 Manual Loads 0 Difficulty Rogue Special Mode None Game No. 133 Rogue 133 Adventurer 0 Explorer 0 Win Type - Total 5 Types 5/0/0/0/0/0/0/0/0/0 Lore% 55 Gallery% 64 Achievement% 57 Wizard Run 0 Options --------- Layout 1 ASCII 0 Keyboard 0 Movement Numpad Keybinds 0 Fullscreen 1 Font 24/Smallcaps Map View 50x35 Zoom Use 0% Tactical HUD 1 Map Filters NONE Filters NONE Steam 1 RUN: d89529f3-e1d0-4e15-ad00-1a84c0c48dce